 Dungeon Crawl Stone Soup version 0.26.0-91-g99b343417d (webtiles) character file.

Game seed: 1528900000637130863

12771 DasRunzen the Destroyer (level 11, -4/92 HPs)
             Began as a Demigod Conjurer on Feb 3, 2021.
             Slain by Snorg (16 damage)
             ... on level 11 of the Dungeon.
             The game lasted 00:46:38 (16982 turns).

DasRunzen the Destroyer (Demigod Conjurer)         Turns: 16982, Time: 00:46:38

Health: -4/92      AC: 11    Str: 20    XL:     11   Next: 40%
Magic:  17/25      EV: 17    Int: 22    God:
Gold:   1192       SH:  4    Dex: 18    Spells: 17/23 levels left

rFire    . . .     SeeInvis .   v - +9 flail "Ecav" {elec, rN+ Str+4 Dex-4}
rCold    . . .     Faith    .   (no shield)
rNeg     + . .     Spirit   .   a - +1 robe
rPois    +         Reflect  .   g - +2 hat
rElec    .         Harm     .   K - +1 cloak
rCorr    .         Rampage  .   s - +0 pair of gloves
Will     +....                  (no boots)
Stlth    +++.......             i - amulet of magic regeneration
HPRegen  0.25/turn              l - +6 ring of dexterity
MPRegen  0.44/turn              p - ring of poison resistance

@: no status effects
A: large bone plates 1, thin metallic scales 1, thin skeletal structure 1, high
mp 1
a: no special abilities


You were on level 11 of the Dungeon.
You visited 1 branch of the dungeon, and saw 11 of its levels.
You also visited: Sewer and Bailey.

You collected 1192 gold pieces.

Inventory:

Hand Weapons
 v - the +9 flail "Ecav" (weapon) {elec, rN+ Str+4 Dex-4}
   (You found it in a sewer)

   Occasionally, upon striking a foe, it can discharge electrical energy and
   cause terrible harm.
   It affects your strength (+4).
   It affects your dexterity (-4).
   It protects you from negative energy.
 G - a +0 executioner's axe of draining
Armour
 a - a +1 robe (worn)
 g - a +2 hat (worn)
 s - a +0 pair of gloves (worn)
 E - a scarf of repulsion
 K - a +1 cloak (worn)
Magical Staves
 C - an uncursed staff of air
Jewellery
 i - an amulet of magic regeneration (around neck)
 l - a +6 ring of dexterity (left hand)
 n - the ring "Jouzuqom" {*Corrode rPois Will++ Int-4}
   (You found it in a sewer)

   [ring of intelligence]

   It affects your intelligence (-4).
   It protects you from poison.
   It affects your willpower, your defense against some magical effects.
   It may corrode you when you take damage.
 o - an uncursed ring of ice
 p - a ring of poison resistance (right hand)
 t - an uncursed ring of ice
 u - a +6 ring of dexterity
 y - a cursed ring of attention
 D - a cursed ring of teleportation {unknown}
 F - an uncursed ring of flight
 L - an uncursed ring of protection from cold
 M - an uncursed ring of fire
Wands
 j - a wand of digging (3)
 x - a wand of paralysis (20)
 H - a wand of enslavement (4)
 J - a wand of flame (9)
Scrolls
 b - a scroll of amnesia
 m - 8 scrolls of teleportation
 w - a scroll of remove curse
 A - 2 scrolls of magic mapping
 B - 2 scrolls of enchant weapon
Potions
 c - 4 potions of might
 d - 6 potions of haste
 e - a potion of heal wounds
 f - 3 potions of brilliance
 h - 6 potions of curing
 k - 4 potions of flight
 q - a potion of cancellation
 r - 4 potions of berserk rage
 z - a potion of magic {unknown}
 I - 3 potions of resistance


   Skills:
 + Level 7.0 Fighting
 + Level 4.9 Maces & Flails
 + Level 7.0 Armour
 + Level 7.3 Dodging
 - Level 1.7 Stealth
 + Level 6.7 Spellcasting
 + Level 8.0 Conjurations
 + Level 4.6 Earth Magic


You had 17 spell levels left.
You knew the following spells:

 Your Spells              Type           Power        Failure   Level
a - Magic Dart            Conj           100%         1%          1
b - Searing Ray           Conj           84%          1%          2
c - Stone Arrow           Conj/Erth      70%          1%          3

Your spell library contained the following spells:

 Spells                   Type           Power        Failure   Level
 Sandblast                Erth           54%          1%          1
 Passwall                 Tmut/Erth      14%          4%          2
 Dazzling Flash           Conj/Hex       50%          4%          3
 Animate Skeleton         Necr           14%          9%          1
 Apportation              Tloc           14%          9%          1
 Corona                   Hex            7%           9%          1
 Summon Small Mammal      Summ           28%          9%          1
 Fulminant Prism          Conj/Hex       12%          16%         4
 Iskenderun's Mystic Bla  Conj/Tloc      25%          16%         4
 Petrify                  Tmut/Erth      17%          32%         4
 Lee's Rapid Deconstruct  Erth           13%          34%         5


Dungeon Overview and Level Annotations

Branches:
Dungeon (11/15)            Temple (0/1) D:4             Orc (0/2) D:9
  Sewer (visited)          Bailey (visited)
   Lair: D:8-11

Annotations:
D:8 2 transporters
D:11 Snorg


Innate Abilities, Weirdness & Mutations

You have an increased reservoir of magic. (+10% MP)
You are partially covered in large bone plates. (SH +4)
You are partially covered in thin metallic scales. (AC +2)
You have a somewhat thin skeletal structure. (Dex +2, Stealth)


Message History

Confirm with . or Enter, or press ? or * to list all spells.
Aiming: Stone Arrow (safe; 1% risk of failure)
Press: ? - help, Shift-Dir - straight line, f/p - Snorg
Aim: Snorg (heavily wounded, berserk, 26% to evade)
The stone arrow hits Snorg!
Snorg is severely wounded.
Snorg bites you.
* * * LOW HITPOINT WARNING * * *
Snorg claws you!
* * * LOW HITPOINT WARNING * * *
Snorg misses you.
Snorg closely misses you. x2; Snorg barely misses you.
You feel much better. Snorg bites you!
* * * LOW HITPOINT WARNING * * *
You block Snorg's attack. Snorg misses you.
You feel much better. Snorg bites you!!
* * * LOW HITPOINT WARNING * * *
Snorg completely misses you. Snorg claws you!
* * * LOW HITPOINT WARNING * * *
Snorg closely misses you. Snorg claws you!
You die...

#....#........#
#....'.......(#####
#....#........#....
#....#........#....
#....#........+....
#....#........#....
#....#........#....
#....#........'....
##@###........#..).
#..T...#########....
#......# ... #....
#......+ ....##.>..
#......# ..........
#......# ..........
#......# ..........
#......# +#####....
#....


You could see Snorg (berserk).

Vanquished Creatures
  Harold (D:7)
  A boulder beetle (D:11)
  A catoblepas (D:10)
  2 orc knights (Bailey)
  A manticore (D:10)
  An ugly thing (D:10)
  Maurice (D:9)
  A centaur zombie (D:11)
  A gargoyle (D:11)
  2 trolls
  Grinder (Sewer)
  3 yaks (D:10)
  2 basilisks
  Grum (D:8)
  Menkaure (D:4)
  A water moccasin (D:10)
  5 ice beasts
  2 black bears
  4 sky beasts
  6 ogres
  6 orc warriors
  3 phantoms
  A necrophage (D:10)
  7 wolves
  A centaur (D:9)
  2 big kobolds
  3 bullfrogs
  A wyvern zombie (D:11)
  A water moccasin zombie (D:7)
  5 scorpions
  14 killer bees
  6 wights
  3 howler monkeys
  3 quasits
  3 bullfrog zombies
  6 hounds
  A bullfrog skeleton (D:9)
  2 centaur skeletons
  5 orc priests
  3 jellies
  2 iguanas
  8 orc wizards
  12 worker ants
  A big kobold zombie (Sewer)
  2 gnolls (Bailey)
  A river rat (D:6)
  13 adders
  7 shadow imps
  A white imp (D:5)
  6 ufetubi
  4 oozes
  2 adder zombies
  3 adder skeletons
  A worm (D:2)
  A dart slug (D:2)
  5 leopard geckos
  49 orcs
  3 bats
  18 giant cockroaches
  12 goblins
  12 hobgoblins
  9 jackals
  36 kobolds
  3 quokkas
  6 ball pythons
  5 frilled lizards
  A jackal skeleton (D:4)
  A kobold zombie (Sewer)
  9 rats
347 creatures vanquished.

Vanquished Creatures (others)
  An ooze (Sewer)
  A goblin (D:9)
  3 fungi (D:11)
  18 plants (D:11)
23 creatures vanquished.

Grand Total: 370 creatures vanquished

Notes
Turn   | Place    | Note
-------+----------+-------------------------------------------
     0 | D:1      | DasRunzen the Demigod Conjurer began the quest for the Orb.
     0 | D:1      | Reached XP level 1. HP: 14/14 MP: 5/5
    94 | D:1      | Reached XP level 2. HP: 4/22 MP: 0/7
   304 | D:1      | Learned a level 2 spell: Searing Ray
   922 | D:1      | Reached XP level 3. HP: 8/27 MP: 5/8
   923 | D:1      | Reached skill level 1 in Armour
   951 | D:1      | Reached skill level 1 in Fighting
  1989 | D:2      | You fall into a shaft and drop 1 floor!
  2013 | D:3      | Reached skill level 4 in Conjurations
  2559 | D:3      | Reached XP level 4. HP: 34/35 MP: 1/10
  2835 | D:2      | Found a broken altar of Ashenzari.
  3410 | D:3      | Gained mutation: Your body sometimes deteriorates upon
                  | taking damage. [potion of mutation]
  3410 | D:3      | Gained mutation: Scrolls take you a little longer to read.
                  | [potion of mutation]
  3410 | D:3      | Gained mutation: You have a somewhat thin skeletal
                  | structure. (Dex +2, Stealth) [potion of mutation]
  3596 | D:3      | Reached XP level 5. HP: 41/41 MP: 11/11
  4275 | D:4      | Noticed an ogre
  4282 | D:4      | Killed an ogre
  4399 | D:4      | Noticed an ogre
  4406 | D:4      | Killed an ogre
  4407 | D:4      | Reached XP level 6. HP: 50/50 MP: 7/13
  5174 | D:4      | Noticed Menkaure
  5180 | D:4      | Killed Menkaure
  5181 | D:4      | Reached XP level 7. HP: 57/57 MP: 8/15
  5283 | D:4      | Lost mutation: Your body sometimes deteriorates upon taking
                  | damage. [potion of mutation]
  5283 | D:4      | Lost mutation: Scrolls take you a little longer to read.
                  | [potion of mutation]
  5283 | D:4      | Gained mutation: You are partially covered in large bone
                  | plates. (SH +4) [potion of mutation]
  5283 | D:4      | Gained mutation: You are partially covered in thin metallic
                  | scales. (AC +2) [potion of mutation]
  5307 | D:4      | Found a staircase to the Ecumenical Temple.
  5645 | D:5      | Entered Level 5 of the Dungeon
  5776 | D:5      | Reached skill level 5 in Conjurations
  7303 | D:6      | Reached XP level 8. HP: 66/66 MP: 11/17
  7486 | D:6      | Found a glowing drain.
  7543 | Sewer    | Entered a sewer
  8006 | Sewer    | Identified the cursed +1 long sword "Waonluax" {antimagic,
                  | *Drain +Rage rElec}
  8009 | Sewer    | Found a burning altar of Makhleb.
  8028 | Sewer    | Noticed Grinder
  8043 | Sewer    | Reached skill level 5 in Dodging
  8073 | Sewer    | Killed Grinder
  8074 | Sewer    | Reached skill level 6 in Conjurations
  8372 | Sewer    | Got a clouded glass ring
  8374 | Sewer    | Identified the cursed ring "Jouzuqom" {*Corrode rPois
                  | Will++ Int-4} (You found it in a sewer)
  8398 | Sewer    | Got a twisted flail
  8403 | Sewer    | Identified the +9 flail "Ecav" {elec, rN+ Str+4 Dex-4} (You
                  | found it in a sewer)
  8610 | D:6      | Found a sparkling altar of Nemelex Xobeh.
  8824 | D:7      | Reached XP level 9. HP: 73/73 MP: 16/20
  8861 | D:7      | Reached skill level 5 in Spellcasting
  8921 | D:7      | Reached skill level 5 in Fighting
  8923 | D:7      | Reached skill level 1 in Maces & Flails
  8923 | D:7      | Reached skill level 5 in Armour
  8931 | D:7      | Learned a level 3 spell: Stone Arrow
  9174 | D:7      | Noticed Harold
  9205 | D:7      | Killed Harold
  9206 | D:7      | Reached skill level 1 in Earth Magic
  9867 | D:8      | Found a transporter.
  9871 | D:8      | Noticed a two-headed ogre
  9873 | D:8      | Found a roughly hewn altar of Beogh.
  9873 | D:8      | Found a transporter.
  9873 | D:8      | Noticed a cyclops
  9873 | D:8      | Noticed Grum
  9911 | D:8      | HP: 1/75 [wolf[Grum] (4)]
 10473 | D:8      | Killed Grum
 10474 | D:8      | Reached XP level 10. HP: 37/83 MP: 10/22
 11053 | D:9      | Found a flagged portal.
 11082 | Bailey   | Entered a bailey
 11210 | Bailey   | Identified the ring of Yendor {+Fly rF+}
 11242 | Bailey   | Noticed an orc knight
 11462 | Bailey   | Reached skill level 7 in Conjurations
 11519 | Bailey   | Killed an orc knight
 11883 | Bailey   | Noticed an orc knight
 12271 | Bailey   | Killed an orc knight
 12374 | D:10     | Entered Level 10 of the Dungeon
 13128 | D:10     | Noticed a manticore
 13129 | D:10     | Noticed a catoblepas
 13136 | D:10     | Killed a manticore
 13169 | D:10     | Killed a catoblepas
 14078 | D:9      | Noticed Maurice
 14372 | D:9      | Killed Maurice
 15050 | D:9      | Found a roughly hewn altar of Beogh.
 15050 | D:9      | Found a staircase to the Orcish Mines.
 15154 | D:9      | Reached XP level 11. HP: 91/91 MP: 19/24
 15215 | D:9      | Found a glowing golden altar of the Shining One.
 16852 | D:11     | Noticed a boulder beetle
 16869 | D:11     | Killed a boulder beetle
 16870 | D:11     | Reached skill level 8 in Conjurations
 16969 | D:11     | Noticed Snorg
 16980 | D:11     | HP: 4/92 [Snorg (13)]
 16982 | D:11     | Slain by Snorg

Illustrated notes

Levels and vault maps discovered:
D:1:      tarquinn_simple_flora_water_f, layout_basic, minmay_worlds_worst_comb
D:2:      layout_basic, lemuel_coloured_pillars_altar
D:3:      layout_rooms
D:4:      minmay_inner_zag, layout_basic, minmay_temple_entry_overgrown,
          uniq_menkaure
D:5:      layout_layer_cave
D:6:      layout_rooms, portal_sewer_entry_b, nemelex_spade_bored_becter
D:7:      layout_rooms, uniq_harold
D:8:      gammafunk_beogh_shrine, layout_cave_pools, uniq_grum
D:9:      layout_cave_pools, david_orc_5, enter_bailey_5, basic_altar,
          uniq_maurice
D:10:     nzn_motion_control, layout_loops_corners
D:11:     layout_gridville, minmay_lair_entry_grove, minmay_misc_feat_five,
          uniq_snorg

Skill      XL: |  1  2  3  4  5  6  7  8  9 10 11 |
---------------+----------------------------------+-----
Dodging        | 2 3 4 5 6 7 |  7.3
Spellcasting   | 2 3 4 5 6 |  6.7
Armour         | 1 2 3 4 5 6 7 |  7.0
Fighting       | 1 2 3 4 5 6 7 |  7.0
Conjurations   | 4 5 6 7 8 |  8.0
Maces & Flails | 2 4 |  4.9
Earth Magic    | 2 3 4 |  4.6
Stealth        | |  1.7

Action                   |  1- 3 |  4- 6 |  7- 9 | 10-12 || total
-------------------------+-------+-------+-------+-------++-------
Melee: Dagger            |   203 |    76 |   219 |       ||   498
       Flail             |       |       |   101 |   299 ||   400
 Cast: Magic Dart        |    32 |     1 |     6 |    13 ||    52
       Searing Ray       |     8 |    19 |    43 |    13 ||    83
       Stone Arrow       |       |       |     7 |    85 ||    92
 Abil: Evoke Flight      |       |       |       |     3 ||     3
  Use: Scroll            |     9 |     5 |     9 |     5 ||    28
       Potion            |       |     1 |     2 |     2 ||     5
 Stab: Sleeping          |     6 |     6 |     9 |     4 ||    25
       Distracted        |       |       |     1 |       ||     1
Armor: Robe              |    26 |    35 |    97 |   113 ||   271
Dodge: Dodged            |   164 |    71 |   371 |   492 ||  1098
       Repelled          |       |       |       |     8 ||     8
Block: Other             |       |       |    74 |    92 ||   166
